 Dungeon Crawl Stone Soup version 0.19-a0-726-g4af737f (webtiles) character file.

744 qqqbard the Twirler (level 7, -5/38 HPs)
             Began as a Vine Stalker Gladiator on June 21, 2016.
             Slain by Prince Ribbit (14 damage)
             ... on level 5 of the Dungeon.
             The game lasted 00:08:09 (3264 turns).

qqqbard the Twirler (Vine Stalker Gladiator)        Turns: 3264, Time: 00:08:11

Health: -5/38      AC:  8    Str: 20    XL:     7   Next: 76%
Magic:  0/8        EV: 11    Int:  8    God:
Gold:   193        SH:  0    Dex: 14    Spells: 0 memorised, 6 levels left

rFire  . . .     SeeInvis .     a - +0 quarterstaff
rCold  . . .     Gourm    .     x - +0 scale mail
rNeg   . . .     Faith    .     (shield currently unavailable)
rPois  .         Spirit   +     c - +0 helmet
rElec  .         Dismiss  .     u - +0 cloak
rCorr  .         Reflect  .     (no gloves)
SustAt .         Harm     .     (no boots)
MR     .....                    (no amulet)
Stlth  ..........               (no ring)
                                (no ring)

@: not resistant to hostile enchantments, extremely unstealthy
A: fangs 2, regeneration 2, magic shield, antimagic bite, no device heal 3, rot
immunity
a: no special abilities


You were on level 5 of the Dungeon.
You were not hungry.

You visited 1 branch of the dungeon, and saw 5 of its levels.

You collected 193 gold pieces.

Inventory:

Hand Weapons
 a - a +0 quarterstaff (weapon)
Missiles
 d - 3 throwing nets (quivered)
Armour
 c - a +0 helmet (worn)
 k - a +0 plate armour
 u - a +0 cloak (worn)
 x - a +0 scale mail (worn)
Jewellery
 e - an uncursed ring of protection from cold {unknown}
 l - an uncursed amulet of rage
 w - a cursed ring of loudness
 z - an uncursed ring of positive energy {unknown}
Wands
 y - a wand of polymorph (24/24)
Scrolls
 g - a scroll of blinking
 h - a scroll of teleportation
 o - a scroll of fog
 s - a scroll of remove curse
 A - 2 scrolls of identify
 B - a scroll of enchant weapon {unknown}
Potions
 b - a potion of magic {unknown}
 j - a potion of curing {unknown}
 m - 3 potions of might
 n - a potion of haste {unknown}
 p - a potion of heal wounds {unknown}
 r - a potion of degeneration {unknown}
 v - a potion of ambrosia {unknown}
Comestibles
 f - 2 bread rations
 i - 3 fruits
 q - 2 meat rations
 t - a beef jerky


   Skills:
 + Level 4.3 Fighting
 - Level 7.0 Staves
 - Level 1.7 Throwing
 - Level 2.4 Dodging


You had 6 spell levels left.
You didn't know any spells.

Dungeon Overview and Level Annotations

Branches:
Dungeon (5/15)
 Temple: D:4-7

Altars:
Nemelex Xobeh

Annotations:
D:5 Prince Ribbit


Innate Abilities, Weirdness & Mutations

You have extremely sharp teeth.
You heal very quickly.
When hurt, damage is shared between your health and your magic reserves.
Your bite disrupts and absorbs the magic of your enemies.
Potions and wands cannot restore your health.
You are immune to rotting.


Message History

You hit Prince Ribbit but do no damage. Your bite misses Prince Ribbit.
Prince Ribbit blinks!
You closely miss Prince Ribbit. Prince Ribbit barely misses you.
You miss Prince Ribbit. Your bite misses Prince Ribbit.
Prince Ribbit barely misses you. Prince Ribbit hits you!
You hit Prince Ribbit. You bite Prince Ribbit.
Prince Ribbit's magic leaks into the air.
You drain his magic.
You feel invigorated.
Prince Ribbit is lightly wounded.
Prince Ribbit closely misses you.
You hit Prince Ribbit but do no damage. Your bite misses Prince Ribbit.
Prince Ribbit is lightly wounded.
Prince Ribbit blinks!
You completely miss the two-headed ogre.
You bite the two-headed ogre. You drain its power.
The two-headed ogre is lightly wounded.
The two-headed ogre hits you with a giant club! x2
* * * LOW HITPOINT WARNING * * *
Prince Ribbit hits you!
You die...

... #..##....#.# #§§#.#####' ..
#..##.##.#.# #§<###.....
#..##.##.#.# #.§# #..... #
#........#.# #§§# #..... #
###...#.#..#.## #.## #..... #
#.....#....#..#####....#.....
#####.##..####...................
................F.###########.###
##.[..###.######@.............#
#..#.......# #O##############
..###..##..# #.. .#####..#..##
#... #'#.###.....# #....
##._.###..#.# #....# #'#.###...#
#....# .#####....# #....#
..###....##


You could see Prince Ribbit and a two-headed ogre.

Vanquished Creatures
  Sigmund (D:5)
  An ice beast (D:5)
  A sky beast (D:5)
  An ogre (D:4)
  A scorpion (D:5)
  A hound (D:5)
  A jelly (D:5)
  An orc wizard (D:5)
  An iguana (D:4)
  Robin (D:2)
  4 gnolls (D:5)
  A howler monkey skeleton (D:5)
  4 adders
  3 dart slugs
  4 giant geckos
  2 orcs (D:5)
  2 giant cockroaches (D:3)
  16 goblins
  13 hobgoblins
  2 kobolds
  5 bats
  5 giant newts
  A jackal skeleton (D:4)
  7 rats
79 creatures vanquished.

Notes
Turn   | Place    | Note
--------------------------------------------------------------
     0 | D:1      | qqqbard the Vine Stalker Gladiator began the quest for the Orb.
     0 | D:1      | Reached XP level 1. HP: 11/11 MP: 2/2
   244 | D:1      | Reached skill level 3 in Staves
   256 | D:1      | Reached XP level 2. HP: 10/15 MP: 1/3
   799 | D:2      | Noticed Robin
   803 | D:2      | Reached XP level 3. HP: 10/18 MP: 1/4
   811 | D:2      | Reached skill level 4 in Staves
   822 | D:2      | Killed Robin
   835 | D:2      | Reached XP level 4. HP: 4/23 MP: 3/5
  2165 | D:4      | Reached skill level 5 in Staves
  2165 | D:4      | Reached XP level 5. HP: 16/26 MP: 3/6
  2808 | D:4      | Noticed an ogre
  2816 | D:4      | Killed an ogre
  2816 | D:4      | Gained mutation: You heal very quickly. [Vine Stalker growth]
  2816 | D:4      | Reached XP level 6. HP: 11/30 MP: 7/7
  2989 | D:5      | Entered Level 5 of the Dungeon
  2989 | D:5      | Noticed Sigmund
  2999 | D:5      | Reached skill level 6 in Staves
  3005 | D:5      | Killed Sigmund
  3031 | D:5      | Reached skill level 7 in Staves
  3031 | D:5      | Reached XP level 7. HP: 33/34 MP: 8/8
  3234 | D:5      | Found a sparkling altar of Nemelex Xobeh.
  3255 | D:5      | Noticed Prince Ribbit
  3257 | D:5      | Noticed a two-headed ogre
  3264 | D:5      | Slain by Prince Ribbit

Vault maps used:
D:1:      lightli_arrival_chessboard
D:2:      minmay_misc_feat_five, uniq_robin
D:3:      first_bread, corexii_leaking_fountain, grunt_decor_fettered,
          roderic_st_hans_cross
D:5:      nicolae_ossuary_entry_ruins, nemelex_diamond_rough_becter,
          uniq_sigmund, uniq_prince_ribbit1

Skill      XL: |  1  2  3  4  5  6  7 |
---------------+----------------------+-----
Staves         | 3 4 5 7 |  7.0
Fighting       | 4 |  4.3
Throwing       | |  1.7
Dodging        | |  2.4

Action                   |  1- 3 |  4- 6 |  7- 9 || total
-------------------------+-------+-------+-------++-------
Melee: Quarterstaff      |    73 |   108 |    55 ||   236
       Bite              |    18 |    32 |    20 ||    70
  Use: Scroll            |       |     9 |       ||     9
  Eat: Chunk             |       |     5 |       ||     5
       Fruit             |       |       |     3 ||     3
Armor: Ring mail         |    30 |     9 |       ||    39
       Scale mail        |       |    30 |    21 ||    51
Dodge: Dodged            |    40 |    49 |    28 ||   117
